Kradschützen Motorcycle Team
Construct Light Support Kompanie
Selects Armored Support Battlegroup
Selects Superior Fire Drills
Panzerjäger Mechanized Group
Construct Panzerarmee Kommand
Walking Stuka Rocket Launcher
Walking Stuka Rocket Launcher
Selects Flammpanzer III Medium Tank
Selects Command Panzer IV F Medium Tank
Flammpanzer III Medium Tank
Construct Mechanized Kompanie
18-tonne Recovery Half-track
Flak 36 Anti-tank Gun Team